 Dungeon Crawl Stone Soup version 0.21-a0-88-g13b9641 (webtiles) character file.

67 grisnicke the Vexing (level 4, 0/33 HPs)
             Began as a Vampire Arcane Marksman on June 26, 2017.
             Slain by a jackal (2 damage)
             ... on level 2 of the Dungeon.
             The game lasted 00:08:14 (2147 turns).

grisnicke the Vexing (Vampire Arcane Marksman)      Turns: 2147, Time: 00:08:15

Health: 0/33       AC:  2    Str:  9    XL:     4   Next: 0%
Magic:  4/5        EV: 12    Int: 16    God:
Gold:   62         SH:  0    Dex: 14    Spells: 4/5 levels left

rFire    . . .     SeeInvis +   l - +0 dagger (curse)
rCold    + . .     Gourm    .   (no shield)
rNeg     + + .     Faith    .   f - +0 robe
rPois    +         Spirit   .   (no helmet)
rElec    .         Reflect  .   (no cloak)
rCorr    +         Harm     .   (no gloves)
MR       .....                  (no boots)
Stlth    +++.......             (no amulet)
HPRegen  0.05/turn              o - ring of resist corrosion
MPRegen  0.09/turn              (no ring)

@: regenerating slowly
A: fangs 3, see invisible, unbreathing
a: Bat Form


You were on level 2 of the Dungeon.
You were very thirsty.

You visited 1 branch of the dungeon, and saw 2 of its levels.

You collected 62 gold pieces.

Inventory:

Hand Weapons
 a - a +0 hand crossbow
 b - a +0 mace
   (You found it on level 1 of the Dungeon)
 l - a cursed +0 dagger (weapon)
   (You took it off a kobold on level 1 of the Dungeon)
Missiles
 d - 17 bolts
Armour
 f - a +0 robe (worn)
 k - a +0 ring mail
   (You found it on level 1 of the Dungeon)
Jewellery
 o - a ring of resist corrosion (left hand)
   (You found it on level 2 of the Dungeon)
Scrolls
 g - a scroll of noise {unknown}
 h - a scroll of teleportation {unknown}
 i - 2 scrolls of identify {unknown}
 n - a scroll of immolation {unknown}
Potions
 e - 17 potions of blood {@q1}
 j - a potion of might {unknown}
 m - a potion of curing {unknown}
Books
 c - a book of Debilitation


   Skills:
 - Level 2.1 Fighting
 - Level 1.5 Crossbows
 - Level 2.1 Dodging
 + Level 2.1 Stealth
 - Level 1.0 Spellcasting
 + Level 5.9 Hexes


You had 4 spell levels left.
You knew the following spells:

 Your Spells              Type           Power        Failure   Level  Hunger
v - Corona                Hex            ###....      1%          1    ##.....


Dungeon Overview and Level Annotations

Branches:
Dungeon (2/15)

Altars:
Wu Jian


Innate Abilities, Weirdness & Mutations

You heal slowly.
You have razor-sharp teeth.
You have supernaturally acute eyesight. (SInv)
You can survive without breathing.


Message History

Put on which piece of jewellery? (? for menu, Esc to quit)
o - a ring of resist corrosion (left hand)
Okay, then.
A rat comes into view.
The helpless rat fails to defend itself.
You bite the rat, and draw its blood!
You feel better.
You feel slightly less thirsty.
You hit the rat.
You kill the rat!
You regained 3 hp, and now have 21/27 hp.
A jackal and a kobold come into view.
Wield which item (- for none, * to show all)? (? for menu, Esc to quit)
It sticks to your hand!
l - a cursed +0 dagger (weapon)
The helpless kobold fails to defend itself.
You bite the kobold, and draw its blood!
You feel better.
You feel slightly less thirsty.
You hit the kobold.
You kill the kobold!
You regained 3 hp, and now have 24/27 hp.
The jackal barks!
You hear a bark! x2
The jackal bites you.
You take 1 damage, and have 23/27 hp.
You closely miss the jackal. The jackal bites you.
You take 2 damage, and have 21/27 hp.
You can't unwield your weapon to draw a new one!
You closely miss the jackal. The jackal barely misses you.
You hit the jackal but do no damage. The jackal closely misses you.
The jackal completely misses you.
You closely miss the jackal. The jackal bites you.
You take 1 damage, and have 20/27 hp.
You barely miss the jackal. The jackal barely misses you. The jackal bites you.
You take 3 damage, and have 17/27 hp.
You closely miss the jackal.
The jackal bites you but does no damage.
You hit the jackal. The jackal misses you.
You hit the jackal. You bite the jackal.
You draw the jackal's blood!
You feel better.
You feel slightly less thirsty. The jackal bites you.
The jackal bites you but does no damage.
You hit the jackal but do no damage. You bite the jackal.
You draw the jackal's blood!
You feel better.
You feel slightly less thirsty. The jackal closely misses you.
You regained 2 hp, and now have 19/27 hp.
You completely miss the jackal. The jackal bites you.
The jackal barely misses you.
You take 3 damage, and have 16/27 hp.
You completely miss the jackal. The jackal bites you.
You take 1 damage, and have 15/27 hp.
You hit the jackal.
You kill the jackal!
Your Stealth skill increases to level 2!
You barely miss the jackal. The jackal bites you. x2
The jackal bites you but does no damage.
You take 3 damage, and have 12/27 hp.
Unknown command.
You don't know that spell.
Aim: a jackal (chance to defeat MR: 73%)
The jackal is outlined in light.
The jackal misses you. The jackal closely misses you. The jackal bites you.
You take 1 damage, and have 11/27 hp.
You now have 3/4 mp.
You hit the jackal but do no damage.
The jackal bites you but does no damage. x2
The jackal completely misses you.
You hit the jackal. The jackal barely misses you.
The jackal closely misses you.
You barely miss the jackal. The jackal bites you.
The jackal closely misses you. The jackal bites you.
* * * LOW HITPOINT WARNING * * *
You take 3 damage, and have 8/27 hp.
You barely miss the jackal. The jackal bites you.
* * * LOW HITPOINT WARNING * * *
The jackal bites you.
* * * LOW HITPOINT WARNING * * *
The jackal barely misses you.
You take 3 damage, and have 5/27 hp.
You closely miss the jackal. The jackal bites you.
* * * LOW HITPOINT WARNING * * *
The jackal bites you but does no damage.
The jackal misses you.
You take 2 damage, and have 3/27 hp.
You hit the jackal. The jackal barely misses you.
The jackal bites you but does no damage.
The jackal closely misses you.
You barely miss the jackal. The jackal misses you.
The jackal barely misses you.
You barely miss the jackal. You bite the jackal, but do no damage.
The jackal bites you.
* * * LOW HITPOINT WARNING * * *
The jackal closely misses you. The jackal barely misses you.
You take 2 damage, and have 1/27 hp.
Yummy - fresh blood!
You are feeling very thirsty.
The jackal barely misses you. The jackal completely misses you.
The jackal barely misses you.
You barely miss the jackal.
The jackal stops glowing.
The jackal bites you but does no damage.
The jackal closely misses you. The jackal barely misses you.
You hit the jackal.
You kill the jackal!
You have reached level 4!
The jackal bites you.
You die...

.# .# #. .# #.. .# #.#
.# #.# .# #.# ##.# .#
##.## #... ##
#####...### #..# #####
#.†@h.....# #..#
#####...######.###...#.#
#..# ...............
##.##.# #..#
.###..........h .(.##.#
#).# ..##.....######
######.# #..# #.###...##
#.# #..# #.# ##.## #.#
#..# #.# #.# #.# #..#
#.# #.# #.# #..#


You could see a jackal.

Vanquished Creatures
  An adder (D:2)
  A worm (D:2)
  4 dart slugs (D:1)
  3 giant cockroaches
  6 hobgoblins
  6 jackals (D:2)
  8 kobolds
  3 bats (D:1)
  5 frilled lizards
  3 goblins
  7 rats
47 creatures vanquished.

Notes
Turn   | Place    | Note
-------+----------+-------------------------------------------
     0 | D:1      | grisnicke the Vampire Arcane Marksman began the quest for the Orb.
     0 | D:1      | Reached XP level 1. HP: 14/14 MP: 2/2
    38 | D:1      | Reached skill level 1 in Fighting
   154 | D:1      | Reached XP level 2. HP: 19/21 MP: 3/3
   771 | D:1      | Reached skill level 2 in Fighting
   776 | D:1      | Reached skill level 5 in Hexes
  1096 | D:1      | Reached XP level 3. HP: 17/27 MP: 4/4
  1524 | D:2      | Found an ornate altar of the Wu Jian Council.
  1668 | D:2      | Reached skill level 1 in Stealth
  2134 | D:2      | Reached skill level 2 in Stealth
  2140 | D:2      | HP: 6/27 [jackal (2)]
  2144 | D:2      | HP: 1/27 [jackal (2)]
  2147 | D:2      | Reached XP level 4. HP: 2/33 MP: 3/5
  2147 | D:2      | Slain by a jackal

Vault maps used:
D:1:      sevenhm_arrival_forest_fort_large_2, item_on_display_a
D:2:      overflow_temple_1_default, first_bread

Skill      XL: |  1  2  3 |
---------------+----------+-----
Fighting       | 1 2 |  2.1
Hexes          | 5 |  5.9
Stealth        | 2 |  2.1
Crossbows      | |  1.5
Dodging        | |  2.1
Spellcasting   | |  1.0

Action                   |  1- 3 |  4- 6 || total
-------------------------+-------+-------++-------
Melee: Mace              |   129 |       ||   129
       Bite              |    11 |       ||    11
       Dagger            |    24 |       ||    24
 Fire: Hand crossbow     |    28 |       ||    28
 Cast: Corona            |     1 |       ||     1
  Use: Potion            |     1 |       ||     1
 Stab: Sleeping          |     6 |       ||     6
       Distracted        |     1 |       ||     1
Armor: Robe              |    30 |       ||    30
Dodge: Dodged            |   135 |       ||   135

Vault maps used:
D:1:      sevenhm_arrival_forest_fort_large_2, item_on_display_a
D:2:      overflow_temple_1_default, first_bread

Table legend:
 A = Turns spent in this place as a percentage of turns spent in the entire game.
 B = Non-inter-level travel turns spent in this place as a percentage of non-inter-level travel turns spent in the entire game.
 C = Inter-level travel turns spent in this place as a percentage of turns spent in this place.
 D = Turns resting spent in this place as a percentage of non-inter-level travel turns spent in this place.
 E = Turns spent auto-exploring this place as a percentage of non-inter-level travel turns spent in this place.
 F = Non-inter-level travel turns spent in this place divided by the number of levels of this place that you've seen.
                   A       B       C       D       E      F
               +-------+-------+-------+-------+-------+----------------------
         Total | 100.0 | 100.0 |   1.1 |   1.4 |   8.2 | 282.0
       Dungeon | 100.0 | 100.0 |   1.1 |   1.4 |   8.2 | 282.0
               +-------+-------+-------+-------+-------+----------------------

Table legend:
 A = Kills in this place as a percentage of kills in entire the game.
 B = Kills by you in this place as a percentage of kills by you in the entire game.
 C = Kills by friends in this place as a percentage of kills by friends in the entire game.
 D = Other kills in this place as a percentage of other kills in the entire game.
 E = Experience gained in this place as a percentage of experience gained in the entire game.
 F = Experience gained in this place divided by the number of levels of this place that you have seen.
                   A       B       C       D       E      F
               +-------+-------+-------+-------+-------+----------------------
         Total | 100.0 | 100.0 |  -nan |  -nan | 100.0 |  48.5
       Dungeon | 100.0 | 100.0 |  -nan |  -nan | 100.0 |  48.5
               +-------+-------+-------+-------+-------+----------------------
